 Dungeon Crawl Stone Soup version 0.19.0-9-gfd783f2 (webtiles) character file.

1501 mistymad the Zephyrmancer (level 8, -1/41 HPs)
             Began as a Tengu Air Elementalist on Nov 7, 2016.
             Slain by an ice beast (7 damage)
             ... on level 6 of the Dungeon.
             The game lasted 00:22:12 (7739 turns).

mistymad the Zephyrmancer (Tengu Air Elementalist)  Turns: 7739, Time: 00:22:14

Health: -1/41      AC:  3    Str:  8    XL:     8   Next: 81%
Magic:  2/18       EV: 12    Int: 19    God:
Gold:   468        SH:  0    Dex: 14    Spells: 4 memorised, 8 levels left

rFire  + . .     SeeInvis .     n - +2 dagger (freeze)
rCold  . . .     Gourm    .     a - +1 robe
rNeg   . . .     Faith    .     (no shield)
rPois  .         Spirit   .     (helmet restricted)
rElec  .         Reflect  .     (no cloak)
rCorr  +         Harm     .     (no gloves)
MR     .....                    (boots unavailable)
Stlth  +.........               (no amulet)
                                u - ring of resist corrosion
                                t - ring of protection from fire

@: confused, very slightly contaminated, repel missiles
A: beak, talons 3, able to fly 1
a: Fly


You were on level 6 of the Dungeon.
You were hungry.

You visited 2 branches of the dungeon, and saw 7 of its levels.
You also visited: Ossuary.

You collected 468 gold pieces.

Inventory:

Hand Weapons
 n - a +2 dagger of freezing (weapon)
Armour
 a - a +1 robe (worn)
Jewellery
 t - a ring of protection from fire (left hand)
 u - a ring of resist corrosion (right hand)
Wands
 s - a wand of flame (26/48)
Scrolls
 e - 4 scrolls of identify
 g - 10 scrolls of remove curse
 m - 2 scrolls of recharging
 o - a scroll of teleportation
Potions
 f - a potion of lignification {unknown}
 h - 2 potions of ambrosia
 i - 3 potions of curing
 j - 4 potions of haste
 k - 3 potions of resistance
 l - 2 potions of might
 p - a potion of mutation {unknown}
 q - a potion of magic
 r - 3 potions of brilliance
Books
 b - a book of Air

   Spells                             Type                      Level
   a - Shock                          Conjuration/Air              1
   b - Swiftness                      Charms/Air                   2
   c - Repel Missiles                 Charms/Air                   2
   d - Static Discharge               Conjuration/Air              3
   e - Lightning Bolt                 Conjuration/Air              5
Comestibles
 c - 3 bread rations
 d - 3 meat rations
 v - 5 chunks of flesh
 w - a fruit


   Skills:
 - Level 2.1 Dodging
 - Level 2.0 Stealth
 + Level 6.1 Spellcasting
 + Level 7.9 Conjurations
 + Level 8.9 Air Magic


You had 8 spell levels left.
You knew the following spells:

 Your Spells              Type           Power        Failure   Level  Hunger
a - Shock                 Conj/Air       ####         1%          1    None
b - Repel Missiles        Chrm/Air       ###...       2%          2    None
c - Static Discharge      Conj/Air       #####...     1%          3    ##.....
d - Lightning Bolt        Conj/Air       #####.....   12%         5    #####..


Dungeon Overview and Level Annotations

Branches:
Dungeon (6/15)             Temple (1/1) D:4

Altars:
Ashenzari
Cheibriados
Dithmenos
Elyvilon
Gozag
Hepliaklqana
Makhleb
Nemelex Xobeh
Okawaru
Qazlal
Ru
Trog
Uskayaw
Xom
Yredelemnul
The Shining One

Shops:
D:5 [


Innate Abilities, Weirdness & Mutations

You have a beak for a mouth.
You have claws for feet.
You can fly.


Message History

* * * LOW HITPOINT WARNING * * *
The ice beast closely misses you.
The orc is engulfed in noxious fumes.
The orc appears confused.
The orc hits the ice beast with a falchion.
You take 1 damage, and have 11/41 hp.
You now have 1/18 mp.
You bump into the rock wall.
You are engulfed in noxious fumes.
You choke on the stench!
You are more confused.
* * * LOW HITPOINT WARNING * * *
The ice beast hits you but does no damage.
The orc is engulfed in noxious fumes.
The orc appears confused.
You take 2 damage, and have 9/41 hp.
You bump into the rock wall.
You are engulfed in noxious fumes.
You choke on the stench!
You are more confused.
* * * LOW HITPOINT WARNING * * *
The ice beast hits you.
* * * LOW HITPOINT WARNING * * *
The ice beast freezes you!
You die...

##...#####.#.......# ########
#.........<#..#..# # ##......#
##...####........#.#.#
.#.####.# ##.## #..#.........#
.#.####.####### #..........###
......#.#...########.......###
##.##.....#....o§# ####.####
##.####.#....###Y# #...#
.#......##...# #@# #...#
.###########.###§# #...#
.......### #...§§# #...#
.........# ###§#######...######
.......#.#####.##.............#
.......#.##....................
.......#.##.##.##....(........#
..?......##.##.#######...######
.........##.##.# #...#


You could see an ice beast and an orc (confused).

Vanquished Creatures
  The ghost of ketsa the Conjurer, an amateur DECj (D:5)
  2 ogres
  A centaur (D:5)
  A bullfrog (D:6)
  A scorpion (D:5)
  2 howler monkeys (D:6)
  2 crimson imps
  4 hounds
  4 orc wizards
  5 iguanas
  4 worker ants
  9 mummies
  10 adders
  A howler monkey skeleton (D:4)
  An ooze (D:4)
  A worm (D:3)
  A dart slug (D:4)
  5 leopard geckos
  23 orcs
  2 ball pythons
  7 giant cockroaches
  5 goblins
  5 hobgoblins
  28 jackals
  5 kobolds
  3 quokkas
  9 bats
  6 frilled lizards
  3 hobgoblin zombies
  2 kobold zombies (Ossuary)
  A leopard gecko skeleton (D:6)
  4 orc zombies (Ossuary)
  8 rats
166 creatures vanquished.

Notes
Turn   | Place    | Note
-------+----------+-------------------------------------------
     0 | D:1      | mistymad the Tengu Air Elementalist began the quest for the Orb.
     0 | D:1      | Reached XP level 1. HP: 10/10 MP: 4/4
   267 | D:1      | Reached XP level 2. HP: 15/15 MP: 1/6
  1236 | D:1      | Reached XP level 3. HP: 19/19 MP: 4/7
  1564 | D:2      | Learned a level 2 spell: Repel Missiles
  1568 | D:2      | Learned a level 3 spell: Static Discharge
  1615 | D:2      | Found a sacrificial altar of Ru.
  1949 | D:2      | Found a faded altar of an unknown god.
  1965 | D:2      | Reached XP level 4. HP: 23/24 MP: 5/9
  2419 | D:3      | Reached skill level 5 in Air Magic
  2699 | D:3      | Gained mutation: You can fly. [Tengu growth]
  2699 | D:3      | Reached XP level 5. HP: 18/28 MP: 5/10
  3220 | D:3      | Found an iron altar of Okawaru.
  3876 | D:4      | Learned a level 5 spell: Lightning Bolt
  3888 | D:4      | Found a hazy altar of Hepliaklqana.
  3996 | D:4      | Reached XP level 6. HP: 32/32 MP: 7/12
  4353 | D:4      | Reached skill level 6 in Air Magic
  4455 | D:4      | Found a staircase to the Ecumenical Temple.
  4517 | Temple   | Entered the Ecumenical Temple
  4875 | D:4      | Reached skill level 5 in Conjurations
  5351 | D:5      | Entered Level 5 of the Dungeon
  5370 | D:5      | Reached XP level 7. HP: 36/36 MP: 5/14
  5549 | D:5      | Noticed ketsa's ghost (amateur DECj)
  5557 | D:5      | Killed ketsa's ghost
  5557 | D:5      | Reached skill level 7 in Air Magic
  5800 | D:5      | Found Afimaidghasa's Armour Shoppe.
  6016 | D:5      | Reached skill level 5 in Spellcasting
  6111 | D:5      | Reached XP level 8. HP: 28/41 MP: 0/16
  6657 | D:6      | Reached skill level 8 in Air Magic
  7022 | D:6      | Found a sand-covered staircase.
  7046 | Ossuary  | Entered an ossuary
  7739 | D:6      | Slain by an ice beast

Skill      XL: |  1  2  3  4  5  6  7  8 |
---------------+-------------------------+-----
Conjurations   | 2 3 4 5 6 7 |  7.9
Spellcasting   | 3 4 5 6 |  6.1
Air Magic      | 5 6 7 8 |  8.9
Dodging        | |  2.1
Stealth        | |  2.0

Action                   |  1- 3 |  4- 6 |  7- 9 || total
-------------------------+-------+-------+-------++-------
Melee: Unarmed           |     3 |    10 |       ||    13
       Kick              |     1 |     6 |     2 ||     9
       Dagger            |       |    10 |    11 ||    21
       Peck              |       |       |     1 ||     1
 Cast: Shock             |    66 |   155 |   187 ||   408
       Repel Missiles    |     1 |       |       ||     1
       Lightning Bolt    |       |       |     6 ||     6
 Abil: Fly               |       |     1 |       ||     1
  Use: Scroll            |       |       |    16 ||    16
       Potion            |       |       |     1 ||     1
  Eat: Chunk             |     4 |    10 |     8 ||    22
       Fruit             |       |       |     1 ||     1
Armor: Robe              |     5 |     5 |     9 ||    19
Dodge: Dodged            |    16 |    45 |    45 ||   106
       Deflected         |       |       |     2 ||     2
